[Event "4NCL 2023-2024"]
[Site "Daventry"]
[Date "2024.05.05"]
[Round "10.21"]
[White "Czopor, Maciej"]
[Black "Eggleston, David J"]
[Result "1/2-1/2"]
[ECO "B92"]
[WhiteElo "2363"]
[BlackElo "2334"]
[Annotator "TA"]
[PlyCount "91"]
[EventDate "2023.11.11"]
[EventType "team-tourn"]
[EventCountry "ENG"]
[SourceTitle "playchess.com"]
[Source "ChessBase"]
[SourceQuality "1"]
[TimeControl "40/6000+30:3000+30"]

1. e4 c5 2. Nf3 d6 3. d4 Nf6 4. Nc3 cxd4 5. Nxd4 a6 6. Be2 e5 7. Nb3 Be7 8. Be3 Be6 9. Nd5 Nbd7 10. Qd3 O-O 11. O-O b5 12. a4 Bxd5 13. exd5 b4 14. a5 Qc7 15. Rfd1 Rfc8 16. Rac1 Bf8 (16... Qb7 $11) 17. g4 Qb7 18. g5 Ne8 19. Bg4 {[%emt 0:11:25] Black is weak on the light squares} Rd8 20. h4 $36 {[%emt 0:09:48][%mdl 2048] White is really pushing.} g6 21. h5 Nc5 22. Qc4 Ng7 23. hxg6 hxg6 24. Nxc5 dxc5 25. Qe4 {[%emt 0:00:23] Prevents Nf5.} (25. Bxc5 $6 Qc7 26. d6 Bxd6 $11) 25... Qc7 {[%emt 0:06:29][%cal Og7e8] [#]} 26. d6 Bxd6 $11 27. Rd5 Bf8 28. Qxe5 Qxa5 29. Bd7 (29. Bxc5 $2 Rxd5 30. Qxd5 Rd8 $19 (30... Qxc5 $2 31. Qxa8 Qxg5 32. Re1 $19)) 29... Nh5 30. Rcd1 {[%emt 0:02:43][%mdl 1024] White has compensation.} Bg7 {[%emt 0:01:31] [#] Prevents Be6} (30... Qb6 $11) 31. Qe4 $1 $16 Bf8 (31... b3 $16 {is a better defense.}) 32. Bc6 $2 (32. Be6 $1 $18 fxe6 33. Qxe6+ (33. Qxg6+ Ng7 $11) 33... Kh7 34. Qf7+ Bg7 35. Rd6) 32... Rac8 33. Rd7 {[%emt 0:01:19] Repels Qc7} (33. Qd3 $16 c4 34. Qd4 (34. Qxc4 Rxd5 35. Qxd5 Qxd5 $11) 34... Rxd5 35. Bxd5) 33... Rxd7 (33... Ng7 $1 $11) 34. Rxd7 {[%emt 0:00:06] Strongly threatening Bd5.} Rc7 35. Qd5 (35. Rxf7 $16 Rxf7 36. Qxg6+ Ng7 37. Bd5) 35... Rxd7 (35... Be7 $1 $11 {keeps the balance.}) 36. Qxd7 {[%emt 0:00:06] Bd5 would kill now.} Qa1+ 37. Kg2 {[%emt 0:00:19] Active counter play!} Qxb2 ({Black should play} 37... Ng7) 38. Bd5 Qg7 39. Qe8 a5 {[%emt 0:01:19] [#]} (39... Kh7 $142) 40. Kf3 (40. f4 $1 $16) 40... Kh7 $1 $11 41. Bxf7 {[%emt 0:51:20] This pair of bishops is nice.} Bd6 (41... a4 $5) 42. Kg4 a4 $1 {[%emt 0:17:36] The position is equal.} 43. f4 {[%emt 0:00:00] Some like it hot} Bxf4 44. Bxf4 Nxf4 45. Kxf4 {[%emt 0:00:00][%cal Oe8d7] Threatening mate with Qd7!} Qd4+ 46. Kf3 {[%emt 0:00:00] Weighted Error Value: White=0.33/Black=0.29 (precise) .  Loses game:     	---       	Black=1      Missed win:     	White=1     	---        Mistake:       	White=4     	Black=6      Inaccurate:     	White=3     	Black=3      OK:         	White=10    	Black=10     Best:        	White=5     	Black=3      Strong:       	White=1     	Black=2} 1/2-1/2

[Event "4NCL 2023-2024"]
[Site "Daventry"]
[Date "2024.05.05"]
[Round "10.23"]
[White "Jackson, James P"]
[Black "Arkell, Keith C"]
[Result "1-0"]
[ECO "A11"]
[WhiteElo "2355"]
[BlackElo "2377"]
[Annotator "TA"]
[PlyCount "137"]
[EventDate "2023.11.11"]
[EventType "team-tourn"]
[EventCountry "ENG"]
[SourceTitle "playchess.com"]
[Source "ChessBase"]
[SourceQuality "1"]
[TimeControl "40/6000+30:3000+30"]

1. c4 c6 2. Nf3 d5 3. g3 Nf6 4. Bg2 Bf5 5. Qb3 Qb6 6. d3 e6 {[%emt 0:02:06] A11: English Opening: 1...c6.} 7. Be3 Qxb3 8. axb3 a6 9. Nh4 Bg6 10. O-O Nbd7 11. Nxg6 $146 ({Predecessor:} 11. Nc3 Be7 12. h3 O-O 13. f4 Rfe8 14. Bf2 Nc5 15. b4 Nb3 16. Nxg6 hxg6 17. Rad1 Bxb4 {0-1 Syrov,A (2219)-Reimann,S (2369) Staufer op 34th 2024 (5)}) 11... hxg6 12. Bd2 Rd8 13. b4 Bd6 14. b3 O-O 15. Na3 Rfe8 16. Nc2 Bc7 17. Rfd1 Bb6 18. Be1 e5 19. e4 dxe4 20. dxe4 Nf8 21. c5 Bc7 22. f3 Ne6 23. Bf2 g5 24. h3 Nh5 25. Bf1 Nd4 26. Nxd4 exd4 27. g4 Nf4 28. Bxd4 Re7 29. Bf2 Red7 30. Rxd7 Rxd7 31. h4 Be5 32. Rc1 gxh4 33. Bxh4 Rd2 34. Be1 Rb2 35. Bc3 Bxc3 (35... Rxb3 $2 36. Bxe5 Rxf3 37. Rc3 Rxc3 38. Bxc3 $18) 36. Rxc3 Kh7 37. Bc4 Kg6 38. Kf1 f6 39. Ke1 Kg5 40. Kd1 Kh4 41. Re3 Kg3 42. e5 $1 Ng2 (42... fxe5 $1 $14 43. Rxe5 Kxf3) 43. Re4 $1 $16 fxe5 (43... Kxf3 $2 {is the wrong capture.} 44. e6 $18) 44. Rxe5 (44. Kc1 $16 Ra2 (44... Kxf3 45. Rxe5 Ra2 46. Kb1 $18) 45. Rxe5) 44... Rb1+ $2 {[%emt 0:11:51] [#]} (44... Kf4 $1 $11 {and Black stays safe.} 45. Rf5+ Ke3) 45. Kd2 $1 $18 Nh4 46. Kc2 Rh1 47. Re7 g5 48. Rxb7 Nxf3 49. Bxa6 Kxg4 50. Be2 Kg3 51. Bxf3 Kxf3 52. Rf7+ Ke3 53. Rg7 Kd4 {[%emt 0:03:12] [#]} 54. Rd7+ $2 ({Not} 54. Rxg5 Rh2+ 55. Kd1 Rh1+ 56. Kd2 Rh2+ 57. Ke1 Kc3 $11) ({White has to play} 54. Kb2 $1 $18) 54... Ke3 $2 (54... Ke5 $14) 55. Rd6 $18 Rh8 56. Rxc6 Rg8 57. Re6+ Kf2 58. Kd2 g4 59. Rf6+ Kg1 60. b5 g3 61. b6 g2 62. b7 Rd8+ 63. Kc3 Rg8 64. c6 Kh1 65. Rh6+ Kg1 66. c7 Kf1 67. b8=Q Rg3+ 68. Kb2 g1=Q 69. Qb5+ 1-0

[Event "4NCL 2023-2024"]
[Site "Daventry"]
[Date "2024.05.05"]
[Round "10.24"]
[White "Steil-Antoni, Fiona"]
[Black "Kalaiyalahan, Akshaya"]
[Result "0-1"]
[ECO "B23"]
[WhiteElo "2106"]
[BlackElo "2148"]
[Annotator "NA RC"]
[PlyCount "66"]
[EventDate "2023.11.11"]
[EventType "team-tourn"]
[EventCountry "ENG"]
[SourceTitle "playchess.com"]
[Source "ChessBase"]
[SourceQuality "1"]
[TimeControl "40/6000+30:3000+30"]

1. e4 c5 2. Nc3 Nc6 3. f4 g6 4. Nf3 Bg7 5. Bb5 Nd4 6. O-O Nxb5 7. Nxb5 d6 8. d3 a6 9. Nc3 e6 10. Qe1 Ne7 11. Kh1 b5 12. Nd1 O-O 13. c3 Nc6 14. Be3 b4 15. d4 bxc3 16. bxc3 cxd4 17. cxd4 a5 18. a3 a4 19. Rf2 Na5 20. Qb4 Bb7 21. Nc3 Bc6 22. Rb1 Rb8 23. Qxb8 Qxb8 24. Rxb8 Rxb8 25. Nd2 Nb3 26. Nf3 Na5 27. Nd2 d5 28. exd5 exd5 29. Rf1 Bf8 30. h3 Re8 31. Bg1 Bxa3 32. Nf3 f6 33. Rb1 Nc4 0-1

[Event "4NCL 2023-2024"]
[Site "Daventry"]
[Date "2024.05.05"]
[Round "10.25"]
[White "Chow, Samuel"]
[Black "Bates, Richard A"]
[Result "1/2-1/2"]
[ECO "E11"]
[WhiteElo "2355"]
[BlackElo "2315"]
[Annotator "TA"]
[PlyCount "47"]
[EventDate "2023.11.11"]
[EventType "team-tourn"]
[EventCountry "ENG"]
[SourceTitle "playchess.com"]
[Source "ChessBase"]
[SourceQuality "1"]
[TimeControl "40/6000+30:3000+30"]

1. d4 Nf6 2. c4 e6 3. Nf3 Bb4+ 4. Bd2 a5 5. a3 Bxd2+ 6. Qxd2 O-O 7. Nc3 d5 8. cxd5 exd5 9. e3 b6 10. Bd3 Bb7 11. O-O Qe7 12. Rac1 Nbd7 13. Rfe1 Ne4 14. Qc2 (14. Nxe4 dxe4 15. Rxc7 Bc8 $17) 14... Rac8 15. Qb3 Nxc3 16. bxc3 g6 17. a4 Qd6 18. Nd2 c5 19. Qa3 Rfd8 20. Rb1 Qf8 21. Qa2 Qd6 22. Qa3 Qf8 23. Qa2 Qd6 24. Qa3 {[%emt 0:00:21] Weighted Error Value: White=0.09 (flawless) /Black=0.05 (flawless) .  Inaccurate:     	---       	Black=1      OK:         	White=2     	Black=7} 1/2-1/2

[Event "4NCL 2023-2024"]
[Site "Daventry"]
[Date "2024.05.05"]
[Round "10.26"]
[White "Ansell, Simon T"]
[Black "Li, Harry"]
[Result "1/2-1/2"]
[ECO "C50"]
[WhiteElo "2333"]
[BlackElo "2138"]
[Annotator "TA"]
[PlyCount "50"]
[EventDate "2023.11.11"]
[EventType "team-tourn"]
[EventCountry "ENG"]
[SourceTitle "playchess.com"]
[Source "ChessBase"]
[SourceQuality "1"]
[TimeControl "40/6000+30:3000+30"]

1. e4 e5 2. Nf3 Nc6 3. Bc4 Nf6 4. d3 Bc5 5. a4 d6 6. c3 {[%emt 0:01:57] b4 is the strong threat.} a5 7. O-O h6 8. Be3 Bxe3 9. fxe3 O-O 10. Qe1 Be6 11. Nbd2 Bxc4 12. Nxc4 Ne7 13. Nh4 Qd7 14. Qg3 Qg4 15. Qxg4 Nxg4 16. d4 (16. h3 $5 Nf6 $8 17. Nf3 $11) 16... Nf6 17. dxe5 dxe5 18. Nxe5 (18. Nf5 $11 Nxf5 19. exf5) 18... Nxe4 $15 19. Rad1 Nd6 20. e4 Rad8 ({But not} 20... Nxe4 21. Rd7 Nc6 22. Nxf7 $11) 21. Rfe1 Rfe8 22. Nhf3 f6 23. Nd3 {[%emt 0:02:00] The position is equal.} Nc6 24. e5 fxe5 25. Ndxe5 Nxe5 {[%emt 0:00:04] Weighted Error Value: White=0.13 (very precise) /Black=0.08 (flawless) .  Mistake:       	White=1     	---        Inaccurate:     	White=2     	Black=2      OK:         	White=7     	Black=10} 1/2-1/2

[Event "4NCL 2023-2024"]
[Site "Daventry"]
[Date "2024.05.05"]
[Round "10.27"]
[White "Arnott, Jonathan W"]
[Black "Gormally, Daniel W"]
[Result "0-1"]
[ECO "B50"]
[WhiteElo "2113"]
[BlackElo "2419"]
[Annotator "TA"]
[PlyCount "80"]
[EventDate "2023.11.11"]
[EventType "team-tourn"]
[EventCountry "ENG"]
[SourceTitle "playchess.com"]
[Source "ChessBase"]
[SourceQuality "1"]
[TimeControl "40/6000+30:3000+30"]

1. e4 c5 2. Nf3 d6 3. Bb5+ Nd7 4. O-O Ngf6 5. Re1 a6 6. Bf1 g6 7. c3 Bg7 8. d4 cxd4 9. cxd4 O-O 10. Nc3 b5 11. e5 dxe5 12. dxe5 Ng4 {[%emt 0:00:31][%cal Rd7e5] The position is equal.} 13. Qd5 {[%emt 0:22:04] [#]} (13. Bf4 $11 Bb7 14. h3 Bxf3 15. Qxf3 Ngxe5 16. Qe3) 13... Qb6 $1 $17 14. Be3 Nxe3 15. Rxe3 {[%emt 0:00:04] [#]} e6 $1 16. Qxa8 Bb7 17. Qxf8+ Kxf8 18. Rd1 Ke7 19. Red3 (19. h3 $142) 19... Nxe5 20. Nxe5 Bxe5 21. Be2 Bc6 {[%emt 0:17:26] Dancing on a razor blade.} 22. b4 Qc7 23. h3 Bh2+ {[%emt 0:05:23] A strong pair of Bishops.} 24. Kh1 Bf4 (24... a5 $17 {Strongly threatening ...Be5.} 25. a4 axb4 (25... bxa4 26. b5 $11) 26. Nxb5 Bxb5 27. axb5 Be5) 25. Bf3 $15 Bxf3 26. Rxf3 {[%emt 0:00:04] Black converts the advantage convincingly.} ({White should play} 26. gxf3 $15 f5 27. Ne2) 26... Qc4 $36 {[%emt 0:00:05][%mdl 2048] Black is in control.} 27. a3 Be5 28. Rdd3 (28. Re3 $17 {keeps fighting.}) 28... h5 29. g3 g5 {[%emt 0:04:20] White must now prevent ...g4.} 30. Ne2 Qc2 31. Rfe3 Bc7 {[%emt 0:04:32] aiming for ...Bb6.} 32. Kg2 $2 (32. Nc3) 32... Bb6 $19 33. Nd4 Qc4 34. Nf5+ (34. Nf3 Bxe3 35. Rxe3) 34... Kf8 35. Nd6 Qc6+ 36. Rf3 g4 37. hxg4 hxg4 38. Nxf7 Qxf3+ 39. Rxf3 gxf3+ 40. Kxf3 Kxf7 {[%emt 0:00:03] Weighted Error Value: White=0.59/Black=0.09 (flawless) .  Mistake:       	White=6     	Black=1      Inaccurate:     	White=1     	---        OK:         	White=5     	Black=12     Best:        	White=3     	Black=1      Strong:       	---       	Black=2} 0-1

[Event "4NCL 2023-2024"]
[Site "Daventry"]
[Date "2024.05.05"]
[Round "10.28"]
[White "Webb, Laurence E"]
[Black "Townsend, M Paul"]
[Result "1-0"]
[ECO "D37"]
[WhiteElo "2203"]
[BlackElo "2153"]
[Annotator "RC"]
[PlyCount "141"]
[EventDate "2023.11.11"]
[EventType "team-tourn"]
[EventCountry "ENG"]
[SourceTitle "playchess.com"]
[Source "ChessBase"]
[SourceQuality "1"]
[TimeControl "40/6000+30:3000+30"]

1. d4 Nf6 2. c4 e6 3. Nf3 d5 4. Nc3 a6 5. cxd5 exd5 6. Bf4 Bd6 7. Bxd6 Qxd6 8. e3 Bf5 9. Be2 Nbd7 10. O-O h6 11. Rc1 O-O 12. a3 c6 13. Na4 Ne4 14. Nd2 Ndf6 15. Nxe4 Nxe4 16. Bd3 Qe7 17. Bxe4 Bxe4 18. Nc5 Bf5 19. Qf3 Bg6 20. Rc3 Rfc8 21. Rfc1 Rc7 22. h3 Rd8 23. Qg3 Rd6 24. Kh2 Bf5 25. Qe5 Bc8 26. Qxe7 Rxe7 27. b4 Rc7 28. f3 Re7 29. Kg3 h5 30. h4 Bf5 31. Kf2 Kf8 32. Re1 Ke8 33. a4 Kd8 34. Ra1 Rc7 35. Rb3 Bc8 36. Nd3 Bf5 37. Nf4 g6 38. Rc3 Rc8 39. Rac1 Bd7 40. Nd3 Ra8 41. Nc5 Bc8 42. Nb3 Bd7 43. e4 dxe4 44. fxe4 Be6 45. e5 Rd7 46. Ke3 Bxb3 47. Rxb3 Ke7 48. Rc5 Rad8 49. Rd3 Rd5 50. Rxd5 Rxd5 51. Ke4 Ke6 52. Rf3 Ke7 53. Rf6 Rd8 54. b5 cxb5 55. axb5 a5 56. d5 a4 57. d6+ Ke8 58. Rf3 Ra8 59. Ra3 Kd7 60. Kd5 b6 61. Rf3 Ke8 62. e6 fxe6+ 63. Kxe6 Ra7 64. Rc3 Kd8 65. Rg3 Rg7 66. Kd5 Kd7 67. Rc3 Kd8 68. Kc6 g5 69. Rf3 Ke8 70. hxg5 Rg6 71. Rf4 1-0

[Event "4NCL 2023-2024"]
[Site "Daventry"]
[Date "2024.05.05"]
[Round "10.29"]
[White "Carroll, Thomas"]
[Black "Ledger, Dave J"]
[Result "1-0"]
[ECO "D04"]
[WhiteElo "2091"]
[BlackElo "2211"]
[Annotator "RC"]
[PlyCount "53"]
[EventDate "2023.11.11"]
[EventType "team-tourn"]
[EventCountry "ENG"]
[SourceTitle "playchess.com"]
[Source "ChessBase"]
[SourceQuality "1"]
[TimeControl "40/6000+30:3000+30"]

1. d4 Nf6 2. Nf3 d5 3. e3 a6 4. Bd3 e6 5. Nbd2 c5 6. c3 Nc6 7. Qe2 Qc7 8. O-O Bd6 9. dxc5 Bxc5 10. e4 dxe4 11. Nxe4 Be7 12. Re1 Bd7 13. g3 Nxe4 14. Bxe4 Bd6 15. Be3 Ne5 16. Bd4 Bb5 17. Qe3 Nc4 18. Qg5 f6 19. Qh5+ Qf7 20. Qh3 e5 21. b3 Bd7 22. Qg2 Na5 23. Bb6 Nc6 24. Rad1 Be7 25. Rd2 Rc8 26. Rxd7 Kxd7 27. Bf5+ 1-0

[Event "4NCL 2023-2024"]
[Site "Daventry"]
[Date "2024.05.05"]
[Round "10.30"]
[White "Varney, Zoe"]
[Black "Gayson, Peter M"]
[Result "1-0"]
[ECO "A80"]
[WhiteElo "2070"]
[BlackElo "2101"]
[Annotator "RC"]
[PlyCount "107"]
[EventDate "2023.11.11"]
[EventType "team-tourn"]
[EventCountry "ENG"]
[SourceTitle "playchess.com"]
[Source "ChessBase"]
[SourceQuality "1"]
[TimeControl "40/6000+30:3000+30"]

1. d4 f5 2. Nc3 d5 3. Bf4 Nf6 4. Nb5 Na6 5. e3 c6 6. Nc3 e6 7. Bxa6 bxa6 8. Na4 c5 9. Nxc5 Bxc5 10. dxc5 Qa5+ 11. c3 Qxc5 12. Nf3 a5 13. Qd4 Qb5 14. Bd6 Ba6 15. O-O-O Qd7 16. Bg3 O-O 17. Ne5 Qb5 18. f3 Rab8 19. Rd2 Rb7 20. Nd3 Rc8 21. Bd6 Nd7 22. Ne5 Nb6 23. Rc2 Nc4 24. Nxc4 Rxc4 25. Qe5 Qd7 26. Rd1 Rc6 27. Ba3 Qc7 28. Rxd5 Bc4 29. Qxc7 Rbxc7 30. Rxa5 Bxa2 31. Rd2 Bd5 32. Rd4 Kf7 33. Kc2 Rc4 34. Bd6 Rb7 35. Bc5 Rxd4 36. Bxd4 Bc4 37. Bxa7 Bf1 38. g3 Bg2 39. f4 Be4+ 40. Kc1 Ke7 41. Bd4 g6 42. c4 Bd3 43. Ra4 Kd6 44. Kd2 Rb3 45. Ra6+ Kd7 46. Ra7+ Kc6 47. c5 Bc4 48. Rxh7 Rd3+ 49. Kc2 Kd5 50. Rb7 g5 51. b3 Ba6 52. Rb6 gxf4 53. Rxa6 e5 54. Kxd3 1-0

[Event "4NCL 2023-2024"]
[Site "Daventry"]
[Date "2024.05.05"]
[Round "10.31"]
[White "Chan, Sheng Liang Bernard"]
[Black "Eames, Robert S"]
[Result "1-0"]
[ECO "A57"]
[WhiteElo "2096"]
[BlackElo "2175"]
[Annotator "RC"]
[PlyCount "65"]
[EventDate "2023.11.11"]
[EventType "team-tourn"]
[EventCountry "ENG"]
[SourceTitle "playchess.com"]
[Source "ChessBase"]
[SourceQuality "1"]
[TimeControl "40/6000+30:3000+30"]

1. d4 Nf6 2. c4 c5 3. d5 b5 4. cxb5 a6 5. e3 e6 6. Nc3 exd5 7. Nxd5 Bb7 8. Nxf6+ Qxf6 9. Nf3 Be7 10. Be2 axb5 11. Bxb5 O-O 12. O-O d5 13. Qb3 Na6 14. Bd2 c4 15. Qc3 Nc7 16. Bd7 Rfd8 17. Bh3 Qb6 18. Qc2 Bc6 19. Nd4 Nb5 20. Nxb5 Bxb5 21. Bc3 Bf6 22. a4 Bxc3 23. bxc3 Bc6 24. Rfb1 Qc7 25. Bg4 Rd6 26. Bf3 Rh6 27. g3 Qd7 28. Bg2 g5 29. a5 g4 30. Rd1 Qe6 31. Rd4 f5 32. Qd2 Rd8 33. Rd1 1-0

[Event "4NCL 2023-2024"]
[Site "Daventry"]
[Date "2024.05.05"]
[Round "10.32"]
[White "Ledger, Stephen C"]
[Black "Flint, Martina"]
[Result "1-0"]
[ECO "A48"]
[WhiteElo "2000"]
[BlackElo "1888"]
[Annotator "NA RC"]
[PlyCount "57"]
[EventDate "2023.11.11"]
[EventType "team-tourn"]
[EventCountry "ENG"]
[SourceTitle "playchess.com"]
[Source "ChessBase"]
[SourceQuality "1"]
[TimeControl "40/6000+30:3000+30"]

1. d4 g6 2. Nf3 Bg7 3. Bf4 d6 4. e3 Nf6 5. h3 O-O 6. Be2 Nbd7 7. O-O c6 8. c4 a5 9. Nc3 Qe8 10. Bh2 h6 11. a3 Nh7 12. Qd2 f5 13. b4 axb4 14. axb4 Rxa1 15. Rxa1 e5 16. dxe5 dxe5 17. Ra8 Qe7 18. c5 Ng5 19. Nxg5 hxg5 20. Na4 Rd8 21. Qd6 Qxd6 22. cxd6 Bf6 23. Nc5 Nb6 24. Rb8 Nd7 25. Rxc8 Rxc8 26. Nxd7 Kg7 27. Nxe5 Ra8 28. f3 Ra2 29. Kf2 1-0

[Event "4NCL 2023-2024"]
[Site "Daventry"]
[Date "2024.05.05"]
[Round "10.33"]
[White "Cherniaev, Alexander"]
[Black "Nasuta, Grzegorz"]
[Result "1/2-1/2"]
[ECO "C78"]
[WhiteElo "2363"]
[BlackElo "2547"]
[Annotator "TA"]
[PlyCount "35"]
[EventDate "2023.11.11"]
[EventType "team-tourn"]
[EventCountry "ENG"]
[SourceTitle "playchess.com"]
[Source "ChessBase"]
[SourceQuality "1"]
[TimeControl "40/6000+30:3000+30"]

1. e4 e5 2. Nf3 Nc6 3. Bb5 a6 4. Ba4 Nf6 5. O-O b5 6. Bb3 Bc5 7. a4 {[%emt 0:00:08] Strongly threatening axb5.} Rb8 {[%emt 0:00:05] [#]} 8. Nxe5 $1 Nxe5 9. d4 Bxd4 $1 {[%emt 0:00:08] White has an edge.} 10. Qxd4 d6 11. Bf4 c5 12. Qd2 {[%emt 0:01:30] Black must now prevent Rd1.} O-O 13. f3 {[%emt 0:00:04] Rd1 would now be deadly.} c4 14. Ba2 Be6 15. Nc3 b4 {[%emt 0:01:38][%cal Bb5b4,Bb4b3][%mdl 32] [#] ...Qb6+ is the strong threat.} 16. Ne2 b3 17. Bb1 Qc7 18. Rd1 {[%emt 0:22:32] Weighted Error Value: White=0.02 (flawless) /Black=0.05 (flawless) .  OK:         	White=6     	Black=5      Strong:       	---       	Black=1} 1/2-1/2

[Event "4NCL 2023-2024"]
[Site "Daventry"]
[Date "2024.05.05"]
[Round "10.34"]
[White "Fernandez, Daniel Howard"]
[Black "Macak, Stefan"]
[Result "1/2-1/2"]
[ECO "B53"]
[WhiteElo "2526"]
[BlackElo "2330"]
[Annotator "TA"]
[PlyCount "93"]
[EventDate "2023.11.11"]
[EventType "team-tourn"]
[EventCountry "ENG"]
[SourceTitle "playchess.com"]
[Source "ChessBase"]
[SourceQuality "1"]
[TimeControl "40/6000+30:3000+30"]

1. e4 c5 2. Nf3 d6 3. d4 cxd4 4. Qxd4 Nc6 5. Bb5 Bd7 6. Qd3 g6 7. c4 Bg7 8. Nc3 Nf6 9. O-O {[%emt 0:00:05] The position is equal.} O-O 10. h3 a6 {[%emt 0:05:20] [#] And now ...Nb4 would win.} 11. Ba4 Rc8 12. Bf4 ({Better is} 12. Bd2 $11) 12... Be6 ({Black should play} 12... Na5 $1 $15 13. Bb3 Be6) 13. Bxc6 $1 $11 bxc6 14. Rad1 Nd7 15. b3 Qa5 16. Na4 Nc5 17. Nxc5 Qxc5 18. Be3 Qa3 19. Bd4 a5 20. Bxg7 (20. Ng5 {is more complex.} Bxd4 21. Qxd4 a4 22. e5) 20... Kxg7 21. Nd4 Qc5 22. Qe3 Kg8 23. Rfe1 Rfd8 24. h4 {[%emt 0:03:35] White is more active.} (24. Qh6 $14) 24... a4 25. f3 ({Much worse is} 25. bxa4 Bxc4 26. Qh6 Bxa2 $15) 25... Qh5 26. Qg5 Qxg5 27. hxg5 c5 28. Ne2 (28. Nxe6 fxe6 29. f4 (29. bxa4 e5 $11) 29... Kg7) 28... Ra8 29. Nf4 axb3 30. axb3 Ra3 31. Rd3 Rb8 32. Ree3 Kf8 33. e5 dxe5 34. Nxe6+ fxe6 {[%emt 0:00:01][%mdl 4096] Endgame. KRR-KRR} 35. Kh2 Kf7 36. Kg3 ({Much less strong is} 36. Rxe5 $6 Rbxb3 37. Rxb3 Rxb3 $16) 36... e4 37. fxe4 e5 38. Kg4 Ra2 39. g3 Rb2 40. Rd5 Ke6 41. Rdd3 Rb1 42. Kh3 Rb2 43. Rf3 Re2 44. Rde3 Rb2 45. g4 Ra8 46. Kh4 (46. Re1 $11 {remains equal.}) 46... Ra1 $17 47. Rh3 {[%emt 0:00:00] Weighted Error Value: White=0.11 (very precise) /Black=0.07 (flawless) .  Mistake:       	White=3     	Black=1      Inaccurate:     	White=2     	Black=1      OK:         	White=15    	Black=16     Best:        	---       	Black=1      Strong:       	White=1     	---} 1/2-1/2

[Event "4NCL 2023-2024"]
[Site "Daventry"]
[Date "2024.05.05"]
[Round "10.35"]
[White "Rocco, Federico"]
[Black "Ghasi, Ameet K"]
[Result "0-1"]
[ECO "B12"]
[WhiteElo "2163"]
[BlackElo "2491"]
[Annotator "TA"]
[PlyCount "74"]
[EventDate "2023.11.11"]
[EventType "team-tourn"]
[EventCountry "ENG"]
[SourceTitle "playchess.com"]
[Source "ChessBase"]
[SourceQuality "1"]
[TimeControl "40/6000+30:3000+30"]

1. e4 c6 2. d4 d5 3. e5 c5 4. dxc5 Nc6 5. Nf3 Bg4 6. Bb5 e6 7. h3 (7. b4 $14) 7... Bxf3 $15 8. Qxf3 Qa5+ {[%emt 0:06:15] Black is slightly better.} 9. Nc3 Bxc5 10. Bd2 {[%emt 0:04:53][%cal Oc3d5] [#] aiming for Nxd5!} Qc7 11. O-O Nge7 12. Rfe1 O-O 13. Bxc6 Qxc6 14. Nd1 Rac8 15. c3 b5 16. Qg4 Nf5 17. Ne3 Bxe3 18. Bxe3 a5 19. a3 Qb7 20. Qe2 Rc4 21. Qd3 Rfc8 22. Rac1 b4 23. cxb4 axb4 24. Bd2 bxa3 25. bxa3 h5 26. Qb1 Qa7 (26... Qxb1 {simplifies} 27. Rxb1 Nd4 28. Bb4 Rc2) 27. Bb4 Ng3 {[%emt 0:06:19] Black is more active.} 28. Rxc4 Rxc4 29. Qd3 Nf5 30. Qd2 Qc7 31. Qg5 h4 32. Qd2 Rc2 33. Qd3 Qc6 34. Re2 Rc4 35. Re1 d4 (35... Qa4 $17) 36. Rd1 Rc2 {[%emt 0:01:27][%cal Of5e3] ( -> ...Ne3!)} 37. Ra1 $2 {[%emt 0:01:04][%mdl 8192] [#]} (37. Rd2 $11 Rc4 38. Rd1) 37... Ne3 $1 {[%emt 0:00:57][%mdl 512] Weighted Error Value: White=0.27 (precise) /Black=0.10 (very precise) .  Loses game:     	White=1     	---        Mistake:       	White=1     	Black=1      Inaccurate:     	White=3     	---        OK:         	White=10    	Black=11     Best:        	White=2     	Black=2      Brilliant:      	---       	Black=1} 0-1

[Event "4NCL 2023-2024"]
[Site "Daventry"]
[Date "2024.05.05"]
[Round "10.36"]
[White "Moreby, James"]
[Black "Villiers, Thomas"]
[Result "0-1"]
[ECO "A14"]
[WhiteElo "2246"]
[BlackElo "2232"]
[Annotator "RC"]
[PlyCount "136"]
[EventDate "2023.11.11"]
[EventType "team-tourn"]
[EventCountry "ENG"]
[SourceTitle "playchess.com"]
[Source "ChessBase"]
[SourceQuality "1"]
[TimeControl "40/6000+30:3000+30"]

1. Nf3 e6 2. g3 d5 3. Bg2 Nf6 4. c4 Be7 5. O-O O-O 6. b3 d4 7. e3 c5 8. Ne5 Qc7 9. f4 Nbd7 10. Nf3 e5 11. Bb2 exf4 12. exf4 Rb8 13. Re1 Re8 14. d3 b6 15. Nbd2 Bb7 16. Qc2 Ng4 17. Nf1 Bd6 18. Re2 Rxe2 19. Qxe2 Ndf6 20. Re1 Bc6 21. h3 Nh6 22. Bc1 Nf5 23. g4 Bxf3 24. Bxf3 Nh4 25. Qf2 Ng6 26. g5 Nd7 27. f5 Nf4 28. Bxf4 Bxf4 29. h4 h6 30. Bd5 hxg5 31. Re7 Rf8 32. Qe2 Bd6 33. Rxf7 Rxf7 34. hxg5 Kf8 35. Qe6 Ne5 36. g6 Nf3+ 37. Bxf3 Re7 38. Qd5 Re5 39. Qa8+ Qb8 40. Qxb8+ Bxb8 41. Be4 Re8 42. Kg2 Ke7 43. Kf3 Rh8 44. Kg4 Be5 45. Kg5 Bf6+ 46. Kg4 Rh4+ 47. Kg3 Rh5 48. Kg4 Rg5+ 49. Kf3 Be5 50. Kf2 Bf4 51. Kf3 Rg1 52. Kf2 Rg4 53. Kf3 Rh4 54. Kg2 Kf6 55. Kf3 Ke5 56. Kg2 a6 57. a4 Rh5 58. Kf2 Rxf5 59. Bxf5 Kxf5 60. a5 bxa5 61. Kf3 a4 62. bxa4 a5 63. Ng3+ Bxg3 64. Kxg3 Kxg6 65. Kf4 Kf6 66. Ke4 g5 67. Kd5 g4 68. Ke4 Kg5 0-1